Map: Galactic Process LE

Players

DIMAGA - Winner!

  • Race: Zerg Zerg
  • League: Grandmaster

SortOf

  • Race: Zerg Zerg
  • League: Grandmaster

VOD

Have the link to the VOD?

Description

Time

  • Played on: Oct. 30, 2016, 10:09 a.m.
  • Length: 5:29
Show
View Real Time Build Order
Export as new Build Order

DIMAGA Zerg - Winner!

Build Orders: Hatch First 

Get SALT Encoding   

  12  0:00  Drone  
  13  0:12  Overlord  
  13  0:17  Drone  
  14  0:30  Drone x2  
  14  0:34  Drone  
  17  0:51  Unknown, Hatchery  
  17  0:54  Drone  
  17  0:58  Drone  
  18  1:08  Extractor  
  17  1:12  Spawning Pool  
  17  1:15  Drone  
  17  1:19  Drone  
  18  1:28  Drone  
  19  1:39  Overlord  
  19  1:50  Drone  
  20  1:59  Queen  
  20  2:00  Zergling x2  
  23  2:02  Unknown  
  23  2:03  Queen, Drone  
  23  2:08  Metabolic Boost  
  26  2:11  Drone  
  26  2:14  Drone  
  28  2:22  Drone  
  29  2:25  Drone  
  30  2:32  Zergling x2  
  31  2:41  Unknown, Hatchery  
  31  2:43  Drone  
  32  2:44  Drone  
  32  2:49  Overlord  
  32  2:58  Drone  
  32  2:59  Drone  
  34  3:07  Drone  
  34  3:10  Zergling x2  
  34  3:11  Zergling x10  
  34  3:12  Zergling x2  
  42  3:22  Zergling x2  
  42  3:23  Roach Warren  
  42  3:24  Zergling x2  
  43  3:32  Zergling x2  
  43  3:45  Overlord  
  43  3:52  Queen x2, Unknown  
  39  4:04  Roach  
  39  4:05  Roach x3  
  39  4:06  Roach x2, Zergling x2  
  52  4:12  Roach, Overlord  
  54  4:20  Roach  
  54  4:21  Zergling x2  
  57  4:26  Overlord  
  57  4:35  Zergling x2  
  57  4:36  Zergling x6  
  57  4:38  Roach  
  61  4:45  Zergling x4  
  59  4:52  Zergling x6  
  62  4:59  Zergling x4  
  64  5:00  Zergling x2  
  64  5:04  Zergling x2  
  64  5:05  Zergling x4  
  67  5:14  Ravager  
  71  5:15  Ravager  
Show
View Real Time Build Order
Export as new Build Order

SortOf Zerg 

Build Orders: Hatch First, Zergling Baneling 

Get SALT Encoding   

  12  0:00  Drone  
  13  0:12  Overlord  
  13  0:17  Drone  
  14  0:30  Drone  
  14  0:31  Drone  
  16  0:39  Drone  
  17  0:52  Unknown, Hatchery  
  17  0:55  Drone  
  17  0:59  Drone  
  17  1:03  Extractor  
  17  1:13  Spawning Pool  
  17  1:17  Drone  
  17  1:20  Drone  
  18  1:27  Drone  
  19  1:38  Overlord  
  19  1:49  Drone  
  20  2:00  Queen  
  22  2:01  Drone  
  22  2:03  Queen, Unknown  
  22  2:04  Zergling x2  
  26  2:10  Drone  
  26  2:12  Metabolic Boost  
  26  2:15  Drone  
  28  2:25  Drone  
  28  2:26  Drone  
  30  2:33  Drone  
  31  2:40  Unknown, Hatchery  
  31  2:42  Zergling x2  
  31  2:47  Baneling Nest  
  30  2:54  Drone  
  30  2:57  Overlord  
  30  3:04  Zergling x6  
  33  3:07  Zergling x2  
  34  3:14  Zergling x2  
  34  3:15  Zergling x4  
  34  3:17  Zergling x4  
  39  3:20  Zergling x2  
  39  3:23  Zergling x2  
  39  3:25  Zergling x2  
  42  3:31  Baneling  
  42  3:35  Zergling x2  
  43  3:42  Overlord  
  43  3:45  Baneling x5  
  43  3:51  Unknown  
  42  3:56  Zergling x14  
  43  4:04  Zergling x6  
  46  4:10  Zergling x2  
  46  4:14  Drone x3  
  49  4:18  Baneling x2  
  49  4:19  Baneling  
  49  4:22  Drone  
  50  4:29  Drone x3  
  53  4:32  Drone x2  
  53  4:38  Drone x3  
  53  4:43  Drone x2  
  48  4:49  Roach Warren  
  48  4:52  Zergling x6  
  50  4:54  Zergling x2  
  51  5:00  Zergling x6  
  51  5:05  Zergling x2  
  51  5:06  Evolution Chamber, Zergling x2  
  54  5:10  Zergling x4  
Tags
 
Add a new tag
Caveats
  • Supply blocks, unpowered buildings, or Contaminate may cause inaccurate times.
  • Supply counts are checked every 10 seconds.